 Dungeon Crawl Stone Soup version 0.25-a0-734-g73332aeda9 (webtiles) character file.

Game seed: 11972866733031975712, levelgen mode: deterministic

94 Gronka the Bolt Thrower (level 4, -4/27 HPs)
             Began as a Kobold Hunter on Apr 10, 2020.
             Slain by an orc
             ... wielding a +0 mace
              (5 damage)
             ... on level 4 of the Dungeon.
             The game lasted 00:10:30 (1170 turns).

Gronka the Bolt Thrower (Kobold Hunter)             Turns: 1170, Time: 00:10:32

Health: -4/27      AC:  7    Str:  9    XL:     4   Next: 94%
Magic:  4/4        EV: 11    Int: 12    God:
Gold:   87         SH:  0    Dex: 16    Spells: 3/3 levels left

rFire    . . .     SeeInvis .   b - +0 short sword
rCold    . . .     Gourm    .   (shield restricted)
rNeg     . . .     Faith    .   j - +0 scale mail
rPois    .         Spirit   .   (no helmet)
rElec    .         Reflect  .   (no cloak)
rCorr    .         Harm     .   i - +0 pair of gloves
MR       .....                  (no boots)
Stlth    +.........             (no amulet)
HPRegen  0.09/turn              (no ring)
MPRegen  0.09/turn              (no ring)

@: slowed, very slow
A: small, carnivore
a: no special abilities


You were on level 4 of the Dungeon.
You were hungry.

You visited 1 branch of the dungeon, and saw 3 of its levels.

You collected 87 gold pieces.

Inventory:

Hand Weapons
 a - a +1 hand crossbow
 b - a +0 short sword (weapon)
Armour
 c - a +0 leather armour
 g - a +0 ring mail
 i - a +0 pair of gloves (worn)
 j - a +0 scale mail (worn)
Jewellery
 k - an uncursed amulet of faith
 n - an uncursed ring of fire {unknown}
Scrolls
 e - a scroll of identify {unknown}
 m - a scroll of magic mapping {unknown}
Potions
 h - a potion of invisibility {unknown}
 l - 2 potions of brilliance {unknown}
 o - a potion of heal wounds {unknown}
Comestibles
 f - 4 rations


   Skills:
 + Level 2.6 Fighting
 + Level 0.3 Short Blades
 + Level 6.4 Crossbows
 + Level 0.2 Armour
 + Level 3.3 Dodging
 + Level 1.4 Stealth


You had 3 spell levels left.
You didn't know any spells.
Your spell library was empty.

Dungeon Overview and Level Annotations

Branches:
Dungeon (2/15)

Altars:
Ashenzari


Innate Abilities, Weirdness & Mutations

You are small and have problems with some larger weapons.
You are carnivorous and can eat meat at any time.


Message History

You kill the orc!
The orc wizard gestures wildly while chanting.
The orc wizard blinks!
The orc hits you but does no damage. The iguana bites you.
* * * LOW HITPOINT WARNING * * *
The orc wizard barely misses you. The orc hits you but does no damage.
You closely miss the orc wizard.
The orc wizard hits you but does no damage.
The iguana completely misses you. The orc wizard barely misses you.
The orc barely misses you.
The iguana hisses menacingly.
The iguana bites you but does no damage.
You hit the orc wizard but do no damage.
The orc wizard hits you with a +0 dagger.
* * * LOW HITPOINT WARNING * * *
The orc wizard hits you but does no damage.
The iguana bites you.
* * * LOW HITPOINT WARNING * * *
The orc hits you with a +0 mace.
You die...

.. .. ## #. ... #.
.... #. ######...
#.###..#..#+###
#.##...o..........
#.....()@(##.#.#.#
#........lo....#
####.##.#.#.#..# #
#.#.........
#.###.#....# #.#
#......# ...
..#....# #.#
.#....


You could see an iguana, an orc wizard and an orc.

Vanquished Creatures
  A howler monkey (D:4)
  An adder (D:2)
  An ooze (D:1)
  A worm (D:2)
  A dart slug (D:1)
  An orc (D:4)
  A giant cockroach (D:2)
  5 hobgoblins
  3 jackals (D:2)
  5 bats
  4 frilled lizards
  4 goblins
  5 kobolds
  3 rats
36 creatures vanquished.

Notes
Turn   | Place    | Note
-------+----------+-------------------------------------------
     0 | D:1      | Gronka the Kobold Hunter began the quest for the Orb.
     0 | D:1      | Reached XP level 1. HP: 12/12 MP: 1/1
    35 | D:1      | attack
    80 | D:1      | Reached skill level 5 in Crossbows
   152 | D:1      | Reached XP level 2. HP: 18/18 MP: 2/2
   485 | D:1      | Reached XP level 3. HP: 22/22 MP: 3/3
  1014 | D:2      | Reached XP level 4. HP: 27/27 MP: 4/4
  1113 | D:2      | Found a shattered altar of Ashenzari.
  1142 | D:2      | You fall into a shaft and drop 2 floors!
  1158 | D:4      | Reached skill level 6 in Crossbows
  1170 | D:4      | HP: 1/27 [iguana (5)]
  1170 | D:4      | Slain by an orc

Levels and vault maps discovered:
D:1:      elethiomel_arrival_shortcut, layout_loops_ring
D:2:      layout_rooms, lemuel_crystal_altar, xom_teletrap_fun, first_ration
D:4:      cheibrodos_thug_alley, layout_basic, hex_large, uniq_robin

Skill      XL: |  1  2  3  4 |
---------------+-------------+-----
Crossbows      | 5 6 |  6.4
Dodging        | 3 |  3.3
Fighting       | |  2.6
Short Blades   | |  0.3
Armour         | |  0.2
Stealth        | |  1.4

Action                   |  1- 3 |  4- 6 || total
-------------------------+-------+-------++-------
Melee: Short sword       |       |     9 ||     9
 Fire: Hand crossbow     |    67 |    16 ||    83
Armor: Leather armour    |     7 |       ||     7
       Scale mail        |     9 |    14 ||    23
Dodge: Dodged            |    14 |    18 ||    32

Table legend:
 A = Non-vault XP
 B = Vault XP
 C = Vault XP percentage of total XP
 D = Non-vault monster count
 E = Vault monster count
 F = Vault count percentage of total count
                 A         B        C        D         E       F
            +---------+---------+-------+---------+---------+-------
      Total |     135 |       0 |   0.0 |      36 |       0 |   0.0
            +---------+---------+-------+---------+---------+-------
        D:1 |      32 |       0 |   0.0 |      17 |       0 |   0.0
        D:2 |      45 |       0 |   0.0 |      17 |       0 |   0.0
        D:4 |      58 |       0 |   0.0 |       2 |       0 |   0.0
            +---------+---------+-------+---------+---------+-------
